 Dungeon Crawl Stone Soup version 0.31-a0-1301-g7e11add784 (webtiles) character file.

Game seed: 15281329272020385513

93 Yakui the Poker (level 4, -1/35 (38) HPs)
             Began as a Gnoll Reaver on Dec 19, 2023.
             Slain by Eustachio
             ... wielding a +6 rapier of draining
              (12 damage)
             ... on level 3 of the Dungeon.
             The game lasted 00:06:04 (2771 turns).

Yakui the Poker (Gnoll Reaver)                      Turns: 2771, Time: 00:06:05

HP:   -1/35 (38)    AC:  4    Str: 12    XL:     4   Next: 62%
MP:   11/11         EV: 12    Int: 14    God:
Gold: 186           SH:  0    Dex: 10    Spells: 9/13 levels left

rFire   . . .        a - +0 spear
rCold   . . .        c - orb {light}
rNeg    . . .        b - +0 leather armour
rPois   .            (no helmet)
rElec   .            (no cloak)
rCorr   .            (no gloves)
SInv    .            o - +0 pair of boots
Will    .....        (no amulet)
Stlth   +            (no ring)
HPRegen 0.25/turn    (no ring)
MPRegen 0.12/turn

%: no passive effects
@: glowing, drained
A: fangs 1, strong nose, distributed training
a: no special abilities


You were on level 3 of the Dungeon.
You visited 1 branch of the dungeon, and saw 4 of its levels.

You collected 186 gold pieces.

Inventory:

Hand Weapons
 a - a +0 spear (weapon)
 g - a +0 halberd
 n - a +2 hand axe of flaming
Armour
 b - a +0 leather armour (worn)
 c - an orb of light (worn)
 o - a +0 pair of boots (worn)
Scrolls
 d - a scroll of enchant weapon {unknown}
 e - a scroll of revelation {unknown}
 h - a scroll of teleportation
 j - a scroll of immolation {unknown}
 m - a scroll of fog {unknown}
 p - a scroll of enchant armour {unknown}
 s - a scroll of blinking {unknown}
Potions
 f - a potion of mutation
 i - a potion of might
 l - a potion of haste {unknown}
 q - 3 potions of invisibility {unknown}
 r - a potion of enlightenment {unknown}


   Skills:
 + Level 4.7 Fighting
 + Level 1.2 Short Blades
 + Level 1.2 Long Blades
 + Level 1.2 Axes
 + Level 1.2 Maces & Flails
 + Level 6.6 Polearms
 + Level 1.2 Staves
 + Level 1.2 Ranged Weapons
 + Level 1.2 Throwing
 + Level 1.2 Armour
 + Level 4.7 Dodging
 + Level 1.2 Stealth
 + Level 1.2 Shields
 + Level 1.2 Unarmed Combat
 + Level 5.1 Spellcasting
 + Level 5.5 Conjurations
 + Level 1.0 Hexes
 + Level 1.0 Summonings
 + Level 1.0 Necromancy
 + Level 1.0 Translocations
 + Level 1.0 Transmutations
 + Level 1.0 Fire Magic
 + Level 1.0 Ice Magic
 + Level 1.0 Air Magic
 + Level 1.0 Earth Magic
 + Level 1.0 Poison Magic
 + Level 1.3 Invocations
 + Level 1.2 Evocations
 + Level 1.1 Shapeshifting


You had 9 spell levels left.
You knew the following spells:

 Your Spells              Type           Power      Damage    Failure   Level
a - Kiss of Death         Conj/Necr      48%        2d9       6%          1
b - Hailstorm             Conj/Ice       12%        3d6       17%         3

Your spell library contained the following spells:

 Spells                   Type           Power      Damage    Failure   Level
 Momentum Strike          Conj/Tloc      24%        3d8       9%          2
 Dazzling Flash           Conj/Hex       24%        N/A       17%         3
 Ensorcelled Hibernation  Hex/Ice        12%        N/A       22%         2
 Passwall                 Tmut/Erth      5%         N/A       22%         2
 Swiftness                Air            6%         N/A       41%         3
 Volatile Blastmotes      Fire/Tloc      12%        2d11      41%         3
 Starburst                Conj/Fire      6%         6d4       100%        6
 Maxwell's Capacitive Co  Air            3%         ∞         100%        8


Dungeon Overview and Level Annotations

Branches:
Dungeon (4/15)
 Temple: D:4-7

Altars:
Makhleb
Uskayaw

Shops:
D:3 [

Annotations:
D:3 Eustachio


Innate Abilities, Weirdness & Mutations

You have very sharp teeth.
Your uncanny sense of smell can sniff out nearby items.
Your experience applies equally to all skills.


Message History

The kobold hits you but does no damage.
You hit the kobold.
You kill the kobold!
Things that are here:
a +0 dagger; 5 stones
Okay, then.
Eustachio the Magnificent comes into view.
He is wielding a +6 rapier of draining.
Eustachio shouts!
Eustachio casts a spell.
Things that are here:
a +0 dagger; 5 stones Eustachio gestures wildly while chanting.
The rat twitches its whiskers.
There is a stone staircase leading up here.
You climb upwards.
There is a stone staircase leading down here.
This spell is quite dangerous to cast!
You start memorising the spell.
You continue memorising. x3
You finish memorising.
Spell assigned to 'b'.
You climb downwards.
Level annotation: Eustachio The quokka bites you but does no damage.
The rat bites you but does no damage.
Eustachio hits you with a +6 rapier of draining!
You feel drained.
There is a stone staircase leading up, spattered with blood here.
The quokka barely misses you. The rat bites you.
Eustachio hits you with a +6 rapier of draining!
You feel drained.
* * * LOW HITPOINT WARNING * * *
The quokka closely misses you.
You climb upwards.
The quokka disappears in a puff of smoke!
The rat disappears in a puff of smoke!
There is a stone staircase leading down here.
Eustachio attacks as he pursues you! Eustachio closely misses you.
Eustachio attacks as he pursues you!
Eustachio hits you with a +6 rapier of draining!
You die...
Eustachio twirls his moustache.

######..##......## #......#
##.##..##.......## #..##..#
##...#..#.........####...#..##
#.................'...........
##...##.#.......>)####...##.##
##.###.##.......## #...##.#
#####.###.....## #.#.##.#
#....# ##.@.## #......# #)####
##@###### ###.#### #.#
##.##...# #.# #.# #.......#
#.# #.# #..##...# #.# #.#
###...##.## #.# ##.##
#......#.## #.#
#...####.#.......#####.#
##...........#.......)..#
#....####.##.#....#######


You could see Eustachio.

Vanquished Creatures
  3 gnolls (D:2)
  A worm (D:3)
  A dart slug (D:3)
  An orc (D:2)
  5 ball pythons
  8 endoplasms
  2 giant cockroaches
  3 goblins
  4 hobgoblins
  5 jackals (D:1)
  8 kobolds
  A quokka (D:4)
  2 bats
  3 frilled lizards
  7 rats
54 creatures vanquished.

Notes
Turn   | Place    | Note
-------+----------+-------------------------------------------
     0 | D:1      | Yakui the Gnoll Reaver began the quest for the Orb.
     0 | D:1      | Reached XP level 1. HP: 20/20 MP: 6/6
   202 | D:1      | Reached XP level 2. HP: 26/26 MP: 7/7
   824 | D:1      | Reached skill level 5 in Spellcasting
   824 | D:1      | Reached XP level 3. HP: 31/31 MP: 7/9
  1083 | D:2      | Reached skill level 1 in Invocations
  1091 | D:2      | Reached skill level 1 in Short Blades
  1091 | D:2      | Reached skill level 1 in Long Blades
  1091 | D:2      | Reached skill level 1 in Axes
  1091 | D:2      | Reached skill level 1 in Maces & Flails
  1091 | D:2      | Reached skill level 1 in Staves
  1091 | D:2      | Reached skill level 1 in Ranged Weapons
  1091 | D:2      | Reached skill level 1 in Throwing
  1091 | D:2      | Reached skill level 1 in Armour
  1091 | D:2      | Reached skill level 1 in Stealth
  1091 | D:2      | Reached skill level 1 in Shields
  1091 | D:2      | Reached skill level 1 in Unarmed Combat
  1091 | D:2      | Reached skill level 1 in Evocations
  1142 | D:2      | Reached XP level 4. HP: 31/38 MP: 11/11
  1294 | D:2      | Reached skill level 1 in Shapeshifting
  1940 | D:3      | Found a burning altar of Makhleb.
  2012 | D:3      | Found a hide-covered altar of Uskayaw.
  2092 | D:3      | Found Posteng's Antique Armour Emporium.
  2393 | D:3      | Reached skill level 1 in Hexes
  2393 | D:3      | Reached skill level 1 in Summonings
  2393 | D:3      | Reached skill level 1 in Necromancy
  2393 | D:3      | Reached skill level 1 in Translocations
  2393 | D:3      | Reached skill level 1 in Transmutations
  2393 | D:3      | Reached skill level 1 in Fire Magic
  2393 | D:3      | Reached skill level 1 in Ice Magic
  2393 | D:3      | Reached skill level 1 in Air Magic
  2393 | D:3      | Reached skill level 1 in Earth Magic
  2393 | D:3      | Reached skill level 1 in Poison Magic
  2609 | D:4      | Noticed a scorpion
  2723 | D:4      | Noticed Eustachio
  2764 | D:3      | Learned a level 3 spell: Hailstorm
  2771 | D:3      | Slain by Eustachio

Illustrated notes

Levels and vault maps discovered:
D:1:      amcnicky_arrival_feature_with_door, layout_basic,
          minmay_misc_feat_room
D:2:      layout_basic
D:3:      layout_loops_corners, mainiacjoe_overflow_cross_hatched,
          nicolae_overflow_crystal_walls, serial_shops, shop
D:4:      layout_cave_pools, fedhas_altar_decomposition,
          minmay_misc_feat_nine_boxes, minivault_23, grunt_decor_cap,
          dreamdust_princess_corridor, uniq_duvessa, uniq_eustachio

Skill      XL: |  1  2  3  4 |
---------------+-------------+-----
Spellcasting   | 5 |  5.1
Invocations    | 1 |  1.3
Short Blades   | 1 |  1.2
Long Blades    | 1 |  1.2
Axes           | 1 |  1.2
Maces & Flails | 1 |  1.2
Staves         | 1 |  1.2
Ranged Weapons | 1 |  1.2
Throwing       | 1 |  1.2
Armour         | 1 |  1.2
Stealth        | 1 |  1.2
Shields        | 1 |  1.2
Unarmed Combat | 1 |  1.2
Evocations     | 1 |  1.2
Shapeshifting  | 1 |  1.1
Hexes          | 1 |  1.0
Summonings     | 1 |  1.0
Necromancy     | 1 |  1.0
Translocations | 1 |  1.0
Transmutations | 1 |  1.0
Fire Magic     | 1 |  1.0
Ice Magic      | 1 |  1.0
Air Magic      | 1 |  1.0
Earth Magic    | 1 |  1.0
Poison Magic   | 1 |  1.0
Fighting       | |  4.7
Polearms       | |  6.6
Dodging        | |  4.7
Conjurations   | |  5.5

Action                     |  1- 3 |  4- 6 || total
---------------------------+-------+-------++-------
  Melee: Spear             |    91 |    87 ||   178
         Bite              |     5 |     9 ||    14
    Use: Scroll            |       |     3 ||     3
 Armour: Leather armour    |    36 |    21 ||    57
  Dodge: Dodged            |    54 |    25 ||    79

Table legend: (Time is in decaauts)
 A = Elapsed time spent in this place.
 B = Non-inter-level travel time spent in this place.
 C = Inter-level travel time spent in this place.
 D = Time resting spent in this place.
 E = Time spent auto-exploring this place.
 F = Levels seen in this place.
 G = Mean time per level.
                   A        B        C        D        E       F      G
               +--------+--------+--------+--------+--------+-----+--------+
         Total |   2732 |   2616 |    116 |     95 |   2077 |   4 |  683.0 |
       Dungeon |   2732 |   2616 |    116 |     95 |   2077 |   4 |  683.0 |
               +--------+--------+--------+--------+--------+-----+--------+

Top non-repeatable levels by time:
     D:1: 981 daAuts
     D:3: 878 daAuts
     D:2: 678 daAuts
     D:4: 194 daAuts
